 Dungeon Crawl Stone Soup version 0.28-a0-919-g0b5b508569 (webtiles) character file.

Game seed: 3472176111481923154

74 timneilson the Shield-Bearer (level 4, 0/28 HPs)
             Began as a Gargoyle Fighter on Nov 25, 2021.
             Slain by an ogre (23 damage)
             ... on level 3 of the Dungeon.
             The game lasted 00:02:37 (2219 turns).

timneilson the Shield-Bearer (Gargoyle Fighter)     Turns: 2219, Time: 00:02:38

Health: 0/28       AC: 10    Str: 20    XL:     4   Next: 28%
Magic:  4/4        EV: 10    Int:  9    God:
Gold:   57         SH:  4    Dex:  9    Spells: 3/3 levels left

rFire   . . .      SeeInvis .   a - +0 long sword
rCold   . . .      Faith    .   c - +0 buckler
rNeg    + . .      Spirit   .   b - +0 scale mail
rPois   ∞          Reflect  .   (no helmet)
rElec   +          Harm     .   (no cloak)
rCorr   .          Rampage  .   (no gloves)
Will    .....                   (no boots)
Stlth   ..........              (no amulet)
HPRegen 0.09/turn               (no ring)
MPRegen 0.09/turn               (no ring)

@: mighty
A: sickness immunity, AC +3, negative energy resistance 1, electricity
resistance, torment resistance 1, petrification resistance
a: no special abilities


You were on level 3 of the Dungeon.
You visited 1 branch of the dungeon, and saw 3 of its levels.

You collected 57 gold pieces.

Inventory:

Hand Weapons
 a - a +0 long sword (weapon)
Armour
 b - a +0 scale mail (worn)
 c - a +0 buckler (worn)
Scrolls
 e - 5 scrolls of identify
Potions
 g - a potion of magic


   Skills:
 + Level 3.6 Fighting
 * Level 2.3 Long Blades
 * Level 3.9 Armour
 + Level 0.9 Dodging
 * Level 4.0 Shields


You had 3 spell levels left.
You didn't know any spells.
Your spell library was empty.

Dungeon Overview and Level Annotations

Branches:
Dungeon (3/15)

Altars:

Shops:
D:2 !

Annotations:
D:3 Sigmund


Innate Abilities, Weirdness & Mutations

You are immune to sickness and miasma.
Your stone body is resilient. (AC +3)
You are immune to poison.
You resist negative energy. (rN+)
You are resistant to electric shocks. (rElec)
You are resistant to unholy torment.
You are immune to petrification.


Message History

Found 16 stones.
Found Nywnaatwe's Distillery.
You see here 16 stones.
There is an entrance to Nywnaatwe's Distillery here.
You can access your shopping list by pressing '$'.
As you open the door, it creaks loudly!
There is an open door here.
Done exploring.
Done exploring.
As you read the scroll labelled BALUOSA BAESS, it crumbles to dust.
You feel momentarily disoriented.
It was a scroll of magic mapping.
As you read the scroll of identify, it crumbles to dust.
g - a potion of magic
As you read the scroll of identify, it crumbles to dust.
i - a potion of degeneration Drop what? 8/52 slots (_ for help) (? for menu, Esc to quit)
You drop a potion of degeneration.
There is an open door here.
There is an escape hatch in the ceiling here.
There is a stone staircase leading down here.
Drop what? 7/52 slots (_ for help) (? for menu, Esc to quit)
You drop an amulet of faith.
You climb downwards.
The ogre shouts!
The iguana hisses angrily.
There is a stone staircase leading up here.
You feel very mighty all of a sudden.
You slash the iguana!
The iguana is severely wounded.
The iguana misses you. The iguana bites you.
Sigmund the Dreaded comes into view.
He is wielding a +0 scythe.
Sigmund shouts!
You slash the iguana!
You kill the iguana!
You hear an angry hiss.
Your Shields skill increases to level 4!
You have reached level 4!
You feel clever.
Unknown command.
The ogre hits you with a +0 giant club!!
Ouch! That really hurt!
You die...

.......
.......
.....##
......
..@.#..
##.......
######.....#
#...@O<#
......######
#####


You could see Sigmund and an ogre.

Vanquished Creatures
  An iguana (D:3)
  7 endoplasms
  2 giant cockroaches (D:1)
  6 goblins (D:1)
  6 hobgoblins
  2 jackals (D:2)
  3 quokkas
  2 ball pythons (D:1)
  A bat (D:2)
  3 frilled lizards (D:1)
  5 kobolds
  4 rats (D:1)
42 creatures vanquished.

Notes
Turn   | Place    | Note
-------+----------+-------------------------------------------
     0 | D:1      | timneilson the Gargoyle Fighter began the quest for the
                  | Orb.
     0 | D:1      | Reached XP level 1. HP: 14/14 MP: 1/1
   179 | D:1      | Reached XP level 2. HP: 19/19 MP: 2/2
   618 | D:1      | Reached XP level 3. HP: 13/23 MP: 3/3
  2117 | D:2      | Found Nywnaatwe's Distillery.
  2212 | D:3      | Noticed an ogre
  2216 | D:3      | Noticed Sigmund
  2218 | D:3      | Reached skill level 4 in Shields
  2218 | D:3      | Reached XP level 4. HP: 23/28 MP: 4/4
  2219 | D:3      | Slain by an ogre

Illustrated notes

Levels and vault maps discovered:
D:1:      dpeg_arrival_connections, layout_loops_corners, minmay_tetromino_l2
D:2:      layout_basic, serial_shops, nicolae_shop_advertising_works
          [nicolae_subvault_shop_adworks], dk_noncrumbling_4,
          minmay_misc_feat_encased, serial_bayou_pond_a
D:3:      layout_rooms, led_sif_pool, minmay_overflow_temple_star_quad,
          uniq_sigmund

Skill      XL: |  1  2  3 |
---------------+----------+-----
Long Blades    | 2 |  2.3
Shields        | 4 |  4.0
Fighting       | |  3.6
Armour         | |  3.9
Dodging        | |  0.9

Action                   |  1- 3 |  4- 6 || total
-------------------------+-------+-------++-------
Melee: Long sword        |   113 |       ||   113
  Use: Scroll            |     4 |       ||     4
       Potion            |     1 |       ||     1
Armor: Scale mail        |    45 |       ||    45
Dodge: Dodged            |    62 |       ||    62
Block: Buckler           |    17 |       ||    17

Table legend: (Time is in decaauts)
 A = Elapsed time spent in this place.
 B = Non-inter-level travel time spent in this place.
 C = Inter-level travel time spent in this place.
 D = Time resting spent in this place.
 E = Time spent auto-exploring this place.
 F = Levels seen in this place.
 G = Mean time per level.
                   A        B        C        D        E       F      G
               +--------+--------+--------+--------+--------+-----+--------+
         Total |   2254 |   2207 |     47 |      0 |   1936 |   3 |  751.3 |
       Dungeon |   2254 |   2207 |     47 |      0 |   1936 |   3 |  751.3 |
               +--------+--------+--------+--------+--------+-----+--------+

Top non-repeatable levels by time:
     D:1: 1324 daAuts
     D:2: 923 daAuts
     D:3: 7 daAuts
